 Dungeon Crawl Stone Soup version 0.29.1-1-gd02db6906a (webtiles) character file.

Game seed: 14620899252205669836

112 Tiocfaidh the Sneak (level 4, -2/29 HPs)
             Began as a Gargoyle Delver on Sept 28, 2022.
             Was an Initiate of Gozag.
             Slain by an iguana (11 damage)
             ... on level 5 of the Dungeon.
             The game lasted 00:06:26 (726 turns).

Tiocfaidh the Sneak (Gargoyle Delver)                Turns: 726, Time: 00:06:27

Health: -2/29      AC:  7    Str: 18    XL:     4   Next: 93%
Magic:  4/4        EV: 11    Int: 19    God:    Gozag
Gold:   14         SH:  0    Dex: 11    Spells: 2/3 levels left

rFire   . . .      SeeInvis .   a - +0 mace
rCold   . . .      Faith    .   (no shield)
rNeg    + . .      Spirit   .   b - +0 leather armour
rPois   ∞          Reflect  .   j - +0 hat {Int+3}
rElec   +          Harm     .   (no cloak)
rCorr   .          Rampage  .   (no gloves)
Will    .....                   i - +0 pair of boots
Stlth   +++.......              (no amulet)
HPRegen 0.09/turn               f - +6 ring of intelligence
MPRegen 0.09/turn               (no ring)

@: no status effects
A: sickness immunity, AC +3, negative energy resistance 1, electricity
resistance, torment resistance 1, petrification resistance
a: Renounce Religion, Potion Petition, Call Merchant, Bribe Branch


You were on level 5 of the Dungeon.
You worshipped Gozag.
Gozag was noncommittal.
You visited 2 branches of the dungeon, and saw 3 of its levels.

You collected 47 gold pieces.
You paid 33 gold pieces to Gozag.

Inventory:

Hand Weapons
 a - a +0 mace (weapon)
Armour
 b - a +0 leather armour (worn)
 i - a +0 pair of boots (worn)
 j - a +0 hat of intelligence (worn)
Jewellery
 f - a +6 ring of intelligence (left hand)
Wands
 g - a wand of digging (3)
Scrolls
 c - 4 scrolls of fog
 d - a scroll of magic mapping
 e - 2 scrolls of fear
 h - a scroll of teleportation {unknown}
 m - a scroll of amnesia {unknown}
Potions
 k - a potion of flight {unknown}
 l - a potion of berserk rage {unknown}
 n - a potion of might {unknown}


   Skills:
 + Level 3.8 Fighting
 + Level 2.4 Maces & Flails
 + Level 1.1 Armour
 + Level 2.0 Dodging
 + Level 6.8 Stealth


You had 2 spell levels left.
You knew the following spells:

 Your Spells              Type           Power      Damage    Failure   Level
a - Beastly Appendage     Tmut           0%         N/A       24%         1

Your spell library contained the following spells:

 Spells                   Type           Power      Damage    Failure   Level
 Wereblood                Tmut           0%         N/A       36%         2
 Gell's Gravitas          Tloc           0%         N/A       58%         3
 Lesser Beckoning         Tloc           0%         N/A       58%         3
 Spider Form              Tmut/Pois      0%         N/A       58%         3
 Stone Arrow              Conj/Erth      0%         3d7       58%         3
 Teleport Other           Tloc           0%         N/A       58%         3
 Animate Armour           Summ/Erth      0%         N/A       94%         4
 Lehudib's Crystal Spear  Conj/Erth      0%         10d2      100%        8


Dungeon Overview and Level Annotations

Branches:
Dungeon (6/15)             Temple (1/1) D:6

Altars:
Ashenzari
Cheibriados
Dithmenos
Elyvilon
Fedhas
Gozag
Nemelex Xobeh
Ru
Sif Muna
Xom
Yredelemnul
The Shining One


Innate Abilities, Weirdness & Mutations

You are immune to sickness and miasma.
Your stone body is resilient. (AC +3)
You are immune to poison.
You resist negative energy. (rN+)
You are resistant to electric shocks. (rElec)
You are resistant to unholy torment.
You are immune to petrification.


Message History

The adder is severely wounded.
The adder barely misses you. The adder closely misses you.
You completely miss the adder. Your headbutt misses the adder.
The adder is severely wounded.
The adder bites you but does no damage. The adder barely misses you.
You hit the adder.
You kill the adder!
Your horns disappear.
Your talons disappear.
Your +0 hat of intelligence unmelds from your body.
Your +0 pair of boots unmelds from your body.
You feel clever.
You now have 14 gold pieces (gained 8).
You start waiting.
A jelly is nearby!
Found a sapphire potion.
Found a stone staircase leading up.
n - a sapphire potion
There is a stone staircase leading up here.
Found a stone staircase leading down.
Found a +0 robe.
An iguana comes into view.
Found an escape hatch in the floor.
Welcome back, Tiocfaidh the Gargoyle Delver.
Gozag says: Greed is good.
Press ? for a list of commands and other information.
You barely miss the iguana. The iguana bites you. x2
You hit the iguana.
The iguana is lightly wounded.
The iguana bites you.
You closely miss the iguana.
The iguana is lightly wounded.
The iguana barely misses you.
You completely miss the iguana.
The iguana is lightly wounded.
The iguana bites you. The iguana barely misses you.
You hit the iguana.
The iguana is moderately wounded.
The iguana bites you!
You die...
Your body crumbles into a pile of gold.

...#..#.............# #
...................####
....................##
#.........###.##..## .
##..........#......#
..#.................##
#....>.........>##.##
#.##.......###.#####
.......@.### ###
.......l..# .........##
.........# .....##...
....# #.... .... .....
... ^.....


You could see an iguana.

Vanquished Creatures
  A necrophage (D:6)
  A hound (D:5)
  An adder (D:5)
  3 orcs (D:5)
  A goblin (D:5)
  2 hobgoblins (D:5)
  A kobold (D:5)
10 creatures vanquished.

Notes
Turn   | Place    | Note
-------+----------+-------------------------------------------
     0 | D:5      | Tiocfaidh the Gargoyle Delver began the quest for the Orb.
     0 | D:5      | Reached XP level 1. HP: 14/14 MP: 1/1
   200 | D:5      | Reached XP level 2. HP: 16/19 MP: 2/2
   377 | D:5      | Noticed a black bear
   386 | D:6      | Found a staircase to the Ecumenical Temple.
   390 | D:6      | Noticed a necrophage
   400 | D:6      | Killed a necrophage
   401 | D:6      | Reached skill level 1 in Armour
   401 | D:6      | Reached skill level 6 in Stealth
   401 | D:6      | Reached XP level 3. HP: 24/24 MP: 3/3
   401 | D:6      | Reached XP level 4. HP: 29/29 MP: 4/4
   411 | Temple   | Entered the Ecumenical Temple
   448 | Temple   | Became a worshipper of Gozag Ym Sagoz the Greedy
   508 | D:5      | Learned a level 1 spell: Beastly Appendage
   726 | D:5      | Slain by an iguana

Illustrated notes

Levels and vault maps discovered:
D:5:      corexii_shack_village, layout_cave_pools, okawaru_gym_becter
D:6:      layout_rooms, jmf_multi_god_temple, mainiacjoe_overflow_paths,
          minmay_temple_entry_offerings, uniq_menkaure, uniq_eustachio,
          uniq_duvessa, uniq_maggie
Temple:   nicolae_temple_bog_church

Skill      XL: |  1  2 |
---------------+-------+-----
Armour         | 1 |  1.1
Dodging        | 2 |  2.0
Stealth        | 6 |  6.8
Fighting       | |  3.8
Maces & Flails | |  2.4

Action                   |  1- 3 |  4- 6 || total
-------------------------+-------+-------++-------
Melee: Mace              |    40 |    21 ||    61
       Punch             |     1 |       ||     1
       Headbutt          |       |     3 ||     3
       Kick              |       |     2 ||     2
 Cast: Beastly Appendage |       |     2 ||     2
  Use: Potion            |     1 |       ||     1
 Stab: Sleeping          |     2 |       ||     2
Armor: Leather armour    |    18 |    12 ||    30
Dodge: Dodged            |    26 |    16 ||    42
